 Dungeon Crawl Stone Soup version 0.28-a0-1415-g7c84da036a (webtiles) character file.

Game seed: 258020850235678062

17 kae the Ruffian (level 2, -2/23 HPs)
             Began as a Draconian Transmuter on Jan 7, 2022.
             Slain by Sigmund (8 damage)
             ... on level 2 of the Dungeon.
             The game lasted 00:00:17 (1436 turns).

kae the Ruffian (Draconian Transmuter)              Turns: 1436, Time: 00:00:18

Health: -2/23      AC:  4    Str: 12    XL:     2   Next: 44%
Magic:  4/5        EV: 12    Int: 13    God:
Gold:   31         SH:  0    Dex: 11    Spells: 4/5 levels left

rFire   . . .      SeeInvis .     - Unarmed
rCold   . . .      Faith    .   (no shield)
rNeg    . . .      Spirit   .   (armour unavailable)
rPois   .          Reflect  .   (helmet currently unavailable)
rElec   .          Harm     .   (no cloak)
rCorr   .          Rampage  .   (no gloves)
Will    .....                   (boots currently unavailable)
Stlth   +.........              (no amulet)
HPRegen 0.07/turn               (no ring)
MPRegen 0.09/turn               (no ring)

@: appendages
A: horns 2, talons 2, AC +4, unfitting armour, cold-blooded
a: End Transformation


You were on level 2 of the Dungeon.
You had temporarily grown beastly horns and talons.
You visited 1 branch of the dungeon, and saw 2 of its levels.

You collected 31 gold pieces.

Inventory:

Jewellery
 e - a ring of poison resistance
Scrolls
 b - 2 scrolls of fear {unknown}
 d - 2 scrolls of enchant armour {unknown}
Potions
 a - a potion of haste {unknown}
 c - a potion of lignification {unknown}
 f - a potion of might {unknown}


   Skills:
 - Level 1.1 Fighting
 - Level 1.7 Dodging
 - Level 3.0 Unarmed Combat
 + Level 2.3 Spellcasting
 * Level 2.8 Transmutations


You had 4 spell levels left.
You knew the following spells:

 Your Spells              Type           Power      Damage    Failure   Level
a - Beastly Appendage     Tmut           16%        N/A       8%          1

Your spell library contained the following spells:

 Spells                   Type           Power      Damage    Failure   Level
 Wereblood                Tmut           8%         N/A       12%         2
 Spider Form              Tmut/Pois      5%         N/A       38%         3
 Ozocubu's Armour         Ice            1%         N/A       58%         3
 Ice Form                 Ice/Tmut       5%         N/A       80%         4
 Metabolic Englaciation   Hex/Ice        0%         N/A       100%        5
 Simulacrum               Ice/Necr       0%         N/A       100%        6


Dungeon Overview and Level Annotations

Branches:
Dungeon (2/15)

Altars:

Annotations:
D:2 Sigmund


Innate Abilities, Weirdness & Mutations

You have temporarily grown beastly horns and talons.
Your plain brown scales are hard. (AC +4)
You cannot fit into any form of body armour.
You are cold-blooded and may be slowed by cold attacks.


Message History

Key pressed, stopping explore.
No target in view!
No target in view!
Done exploring.
(D) Dungeon
Where to? (? - help)
You see here a +0 morningstar.
There is a stone staircase leading down here.
You climb downwards.
There is a stone staircase leading up here.
There are monsters nearby!
Okay, then.
Okay, then.
Casting: Beastly Appendage (safe; 8% risk of failure)
Confirm with . or Enter, or press ? or * to list all spells.
You grow a pair of large bovine horns.
Your feet morph into talons.
The goblin shouts!
You hear a shout!
A hobgoblin comes into view.
You hear a shout!
The rat bites you.
Sigmund the Dreaded comes into view.
He is wielding a +0 scythe.
You hit the rat.
You kill the rat!
Sigmund points at you and mumbles some strange words.
The magic dart hits you. The hobgoblin misses you.
You barely miss the hobgoblin.
You claw the hobgoblin, but do no damage.
The hobgoblin hits you but does no damage.
Sigmund hits you from afar with a +0 scythe!
There are monsters nearby!
You are too injured to fight recklessly!
You are too injured to fight recklessly!
You are too injured to fight recklessly!
You are too injured to fight recklessly!
You completely miss the goblin.
Your tail-slap misses the goblin.
The hobgoblin hits you.
* * * LOW HITPOINT WARNING * * *
The goblin barely misses you.
Sigmund hits you from afar with a +0 scythe!
You die...

..... .... ....
.## ..# ....
..# ####
.#...##.##.....
...........g...
#g# #@# #g#
........@......
........#...###
####.#####.##
... .# ### #


You could see Sigmund, a hobgoblin and a goblin.

Vanquished Creatures
  3 endoplasms (D:1)
  2 hobgoblins (D:1)
  2 jackals (D:1)
  A kobold (D:1)
  A frilled lizard (D:1)
  A goblin (D:1)
  7 rats
17 creatures vanquished.

Notes
Turn   | Place    | Note
-------+----------+-------------------------------------------
     0 | D:1      | kae the Draconian Transmuter began the quest for the Orb.
     0 | D:1      | Reached XP level 1. HP: 16/16 MP: 3/3
   694 | D:1      | Reached XP level 2. HP: 23/23 MP: 3/5
  1431 | D:2      | Noticed Sigmund
  1436 | D:2      | Slain by Sigmund

Illustrated notes

Levels and vault maps discovered:
D:1:      dpeg_arrival_central, layout_basic, minmay_surrounded
D:2:      layout_loops_ring, serial_shops, shop, minmay_shallow_snake_nest,
          uniq_sigmund

Action                   || total
-------------------------++-------
Melee: Unarmed           ||    43
       Tailslap          ||     7
       Kick              ||     5
       Headbutt          ||     2
 Cast: Beastly Appendage ||    10
Armor: Skin              ||    10
Dodge: Dodged            ||    25

Table legend: (Time is in decaauts)
 A = Elapsed time spent in this place.
 B = Non-inter-level travel time spent in this place.
 C = Inter-level travel time spent in this place.
 D = Time resting spent in this place.
 E = Time spent auto-exploring this place.
 F = Levels seen in this place.
 G = Mean time per level.
                   A        B        C        D        E       F      G
               +--------+--------+--------+--------+--------+-----+--------+
         Total |   1436 |   1352 |     84 |      0 |   1239 |   2 |  718.0 |
       Dungeon |   1436 |   1352 |     84 |      0 |   1239 |   2 |  718.0 |
               +--------+--------+--------+--------+--------+-----+--------+

Top non-repeatable levels by time:
     D:1: 1429 daAuts
     D:2: 7 daAuts
